 Dungeon Crawl Stone Soup version 0.29.1-15-g9cfb28693d (webtiles) character file.

Game seed: 2739348528611144550

140 Peloso the Covered (level 5, -3/46 HPs)
             Began as a Minotaur Fighter on Apr 20, 2023.
             Constricted to death by Ijyb (6 damage)
             ... on level 4 of the Dungeon.
             The game lasted 00:04:50 (2677 turns).

Peloso the Covered (Minotaur Fighter)               Turns: 2677, Time: 00:04:50

Health: -3/46      AC:  7    Str: 21    XL:     5   Next: 2%
Magic:  4/4        EV:  7    Int:  5    God:
Gold:   146        SH:  4    Dex: 11    Spells: 4/4 levels left

rFire   . . .      SeeInvis .   a - +0 long sword
rCold   . . .      Faith    .   c - +0 buckler
rNeg    . . .      Spirit   .   b - +0 scale mail
rPois   .          Reflect  .   (helmet restricted)
rElec   .          Harm     .   (no cloak)
rCorr   .          Rampage  .   (no gloves)
Will    .....                   (no boots)
Stlth   ..........              (no amulet)
HPRegen 0.15/turn               (no ring)
MPRegen 0.09/turn               (no ring)

@: grasped by roots, constricted, invisible
A: horns 2, retaliatory headbutt
a: no special abilities


You were on level 4 of the Dungeon.
You visited 1 branch of the dungeon, and saw 4 of its levels.

You collected 146 gold pieces.

Inventory:

Hand Weapons
 a - a +0 long sword (weapon)
Armour
 b - a +0 scale mail (worn)
 c - a +0 buckler (worn)
Jewellery
 i - a +6 ring of dexterity
Scrolls
 e - 3 scrolls of identify
 f - 2 scrolls of fear {unknown}
 h - a scroll of teleportation {unknown}
 j - a scroll of vulnerability {unknown}
Potions
 d - 2 potions of might


   Skills:
 + Level 4.2 Fighting
 + Level 3.8 Long Blades
 + Level 4.9 Armour
 + Level 1.9 Dodging
 + Level 4.1 Shields


You had 4 spell levels left.
You didn't know any spells.
Your spell library contained the following spells:

 Spells                   Type           Power      Damage    Failure   Level
 Apportation              Tloc           0%         N/A       88%         1
 Foxfire                  Conj/Fire      0%         2x1d4     88%         1
 Necrotise                Necr           0%         1d4       88%         1
 Summon Small Mammal      Summ           0%         N/A       88%         1
 Conjure Flame            Conj/Fire      0%         6-21      99%         3
 Ignite Poison            Fire/Tmut/Pois 0%         N/A       99%         3
 Inner Flame              Hex/Fire       0%         N/A       99%         3
 Mephitic Cloud           Conj/Pois/Air  0%         N/A       99%         3
 Flame Wave               Conj/Fire      0%         2d4       100%        4
 Freezing Cloud           Conj/Ice/Air   0%         6-21      100%        5
 Borgnjor's Revivificati  Necr           0%         N/A       100%        8
 Necromutation            Tmut/Necr      0%         N/A       100%        8
 Death's Door             Necr           0%         N/A       100%        9


Dungeon Overview and Level Annotations

Branches:
Dungeon (4/15)             Temple (0/1) D:4

Altars:
Qazlal

Annotations:
D:4 Ijyb


Innate Abilities, Weirdness & Mutations

You have a pair of horns on your head.
You reflexively headbutt those who attack you in melee.


Message History

Ijyb is unaffected.
The grasping roots grab you! The grasping roots constrict you.
The gnoll hits you with a +0 whip.
You hear an angry hiss.
You hear a shout! x2
You closely miss the gnoll. You headbutt the gnoll.
You kill the gnoll!
The grasping roots constrict you.
An endoplasm comes into view.
You have reached level 5!
You hit Ijyb.
Ijyb is lightly wounded.
Ijyb hits you but does no damage. The grasping roots constrict you.
You block Ijyb's attack. The grasping roots constrict you.
You hit Ijyb but do no damage.
Ijyb is lightly wounded.
Ijyb hits you with a +0 dagger. The grasping roots constrict you.
* * * LOW HITPOINT WARNING * * *
The grasping roots release their grip on you.
You closely miss Ijyb. You headbutt Ijyb.
Ijyb is lightly wounded.
Ijyb hits you with a +0 dagger.
* * * LOW HITPOINT WARNING * * *
You closely miss Ijyb.
Ijyb is lightly wounded.
Ijyb zaps a wand.
The roots erupt in riotous growth!
The grasping roots grab you!
Ijyb is unaffected.
The grasping roots constrict you.
* * * LOW HITPOINT WARNING * * *
You hear an angry hiss.
You hear a shout! x3
Okay, then.
You barely miss Ijyb.
Ijyb is lightly wounded.
Ijyb barely misses you. You furiously retaliate!
You headbutt Ijyb! The grasping roots constrict you.
* * * LOW HITPOINT WARNING * * *
Ijyb barely misses you. The grasping roots constrict you.
* * * LOW HITPOINT WARNING * * *
You fade into invisibility!
Ijyb hits you but does no damage. The grasping roots constrict you.
You die...

##.###.#.............
#..................#
#..###.##...........
.
#.............>..#..
..
#.####.##.###..^..#
..g #..........####
.g.#
#..##J##...g.g#...g.
#..##g#####(.#...#
###..##@# ##....##
........# ##..#.#
###..#### #...# #...
...# #.## ..... ##...
#.. ..


You could see Ijyb (unable to see you) and an endoplasm.

Vanquished Creatures
  Robin (D:2)
  5 gnolls
  An adder (D:2)
  2 worms (D:2)
  A dart slug (D:3)
  2 orcs
  5 endoplasms
  10 goblins
  6 hobgoblins
  5 jackals
  A quokka (D:1)
  4 ball pythons (D:1)
  5 bats
  3 frilled lizards (D:1)
  5 kobolds
  7 rats
  A spectral goblin (D:3)
64 creatures vanquished.

Notes
Turn   | Place    | Note
-------+----------+-------------------------------------------
     0 | D:1      | Peloso the Minotaur Fighter began the quest for the Orb.
     0 | D:1      | Reached XP level 1. HP: 19/19 MP: 0/0
   149 | D:1      | Reached XP level 2. HP: 16/27 MP: 1/1
   857 | D:1      | Reached XP level 3. HP: 20/33 MP: 2/2
   979 | D:1      | Reached skill level 1 in Dodging
  1239 | D:2      | Found a stormy altar of Qazlal.
  1252 | D:2      | Reached XP level 4. HP: 37/40 MP: 3/3
  1630 | D:2      | Noticed Robin
  1643 | D:2      | Killed Robin
  2135 | D:3      | Found a faded altar of an unknown god.
  2653 | D:4      | Found a staircase to the Ecumenical Temple.
  2653 | D:4      | Noticed Ijyb
  2672 | D:4      | Reached XP level 5. HP: 19/46 MP: 4/4
  2677 | D:4      | Constricted to death by Ijyb

Illustrated notes

Levels and vault maps discovered:
D:1:      spicycebolla_green_bress_n_ham, layout_rooms, nrook_uturn,
          minmay_surrounded
D:2:      layout_loops_ring, basic_altar, uniq_robin
D:3:      layout_basic, dreamdust_ecumenical_altar_drowned_temple
D:4:      gammafunk_cloud_chamber, layout_loops_ring, grunt_qazlal_clouds,
          grunt_temple_overflow_open, minmay_temple_entry_arrows,
          minmay_crystal_water, hangedman_decor_lopped, uniq_ijyb, uniq_natasha

Skill      XL: |  1  2  3 |
---------------+----------+-----
Armour         | 4 |  4.9
Fighting       | 4 |  4.2
Shields        | 4 |  4.1
Long Blades    | 3 |  3.8
Dodging        | 1 |  1.9

Action                   |  1- 3 |  4- 6 || total
-------------------------+-------+-------++-------
Melee: Long sword        |    66 |    77 ||   143
       Headbutt          |     6 |    13 ||    19
  Use: Scroll            |     3 |       ||     3
       Potion            |       |     1 ||     1
Armor: Scale mail        |    35 |    34 ||    69
Dodge: Dodged            |    41 |    38 ||    79
Block: Buckler           |    14 |    25 ||    39
